 Dungeon Crawl Stone Soup version 0.17-a0-1404-gb8113a6 (webtiles) character file.

80 Giampli the Skirmisher (level 4, -5/40 HPs)
             Began as a Hill Orc Fighter on June 21, 2015.
             Was an Initiate of Beogh.
             Slain by an iguana (6 damage)
             ... on level 4 of the Dungeon.
             The game lasted 00:12:27 (1457 turns).

Giampli the Skirmisher (Hill Orc Fighter)           Turns: 1457, Time: 00:12:27

Health: -5/40      AC:  6    Str: 18    XL:     4   Next: 39%
Magic:  4/4        EV:  8    Int:  8    God:    Beogh [......]
Gold:   65         SH:  9    Dex: 11    Spells: 0 memorised, 3 levels left

rFire  . . .     SeeInvis .     a - +0 war axe
rCold  . . .     Clarity  .     m - +0 ring mail {rPois}
rNeg   . . .     SustAt   .     c - +0 shield
rPois  +         Gourm    .     (no helmet)
rElec  .         Spirit   .     (no cloak)
rCorr  .         Warding  .     (no gloves)
rMut   .         Stasis   .     (no boots)
MR     .....                    (no amulet)
Stlth  +.........               (no ring)
                                (no ring)

@: hasted, very quick, not resistant to hostile enchantments, very unstealthy
A: no striking features
a: Renounce Religion


You were on level 4 of the Dungeon.
You worshipped Beogh.
Beogh was noncommittal.
You were not hungry.

You visited 1 branch of the dungeon, and saw 4 of its levels.

You collected 65 gold pieces.

Inventory:

Hand weapons
 a - a +0 war axe (weapon)
Armour
 b - a +0 scale mail
 c - a +0 shield (worn)
 m - a +0 ring mail of poison resistance (worn)
Jewellery
 n - a cursed ring of loudness {unknown}
Scrolls
 f - 4 scrolls of identify {unknown}
 g - a scroll of magic mapping {unknown}
 l - 2 scrolls of remove curse {unknown}
 p - 3 scrolls of random uselessness {unknown}
Potions
 d - a potion of might
 h - a potion of curing {unknown}
 i - a potion of degeneration {unknown}
Comestibles
 e - 2 bread rations
 o - a slice of pizza
 q - a beef jerky


   Skills:
 + Level 4.1 Fighting
 + Level 3.4 Axes
 + Level 4.0 Armour
 + Level 1.0 Dodging
 + Level 4.0 Shields


You had 3 spell levels left.
You didn't know any spells.

Dungeon Overview and Level Annotations

Branches:
Dungeon (4/15)
 Temple: D:4-7

Altars:

Annotations:
D:3 Lathuz's ghost, average MiBe


Message History

You closely miss the iguana. You hit the worker ant.
The worker ant is lightly wounded.
The worker ant barely misses you. The iguana completely misses you.
You hit the iguana.
The iguana is moderately wounded.
You hit the worker ant.
The worker ant is heavily wounded.
The worker ant barely misses you. The iguana closely misses you.
You block the worker ant's attack.
The iguana bites you but does no damage.
You closely miss the iguana.
The iguana is moderately wounded.
You slash the worker ant!
The worker ant is almost dead.
The worker ant bites you but does no damage.
The iguana bites you.
* * * LOW HITPOINT WARNING * * *
You block the worker ant's attack.
It was a potion of haste.
You feel yourself speed up. The iguana bites you.
You die...

### #.. #.# #.#
#l# #@# #a# ..#
#a# #. #... #l#
.o ##... #g# #.
##.... ##g# #
##. ..... #..#
#K#.. #....
#.##
#...###.... #.#
#..###..#..g#..


You could see 2 iguanas, 2 worker ants, a hobgoblin and a goblin.

Vanquished Creatures
  3 adders
  An ooze (D:1)
  A worm (D:2)
  A giant gecko (D:1)
  2 giant cockroaches
  6 hobgoblins
  2 jackals (D:1)
  9 kobolds
  A quokka (D:2)
  8 bats
  5 giant newts
  2 goblins (D:2)
  6 rats
47 creatures vanquished.

Vanquished Creatures (others)
  An orc (D:4)
1 creature vanquished.

Grand Total: 48 creatures vanquished

Notes
Turn   | Place    | Note
--------------------------------------------------------------
     0 | D:1      | Giampli the Hill Orc Fighter began the quest for the Orb.
     0 | D:1      | Reached XP level 1. HP: 19/19 MP: 1/1
    31 | D:1      | Reached XP level 2. HP: 25/27 MP: 2/2
   335 | D:1      | Reached XP level 3. HP: 31/33 MP: 3/3
   369 | D:1      | Reached skill level 4 in Fighting
   906 | D:2      | Reached XP level 4. HP: 32/40 MP: 4/4
  1164 | D:3      | Noticed Lathuz's ghost (average MiBe)
  1374 | D:3      | Reached skill level 1 in Dodging
  1401 | D:4      | Became a worshipper of Beogh the Brigand
  1453 | D:4      | HP: 2/40 [worker ant (3)]
  1457 | D:4      | Slain by an iguana

Vault maps used:
D:1:      dpeg_arrival_round_a
D:3:      first_bread, serial_undead, serial_undead_c, serial_undead_c,
          serial_undead_f, serial_undead_e
D:4:      minmay_ruptured, uniq_eustachio, uniq_sigmund, uniq_natasha

Action                   |  1- 3 |  4- 6 || total
-------------------------+-------+-------++-------
Melee: War axe           |   106 |    67 ||   173
Invok: Convert to Beogh  |       |     1 ||     1
  Use: Potion            |       |     1 ||     1
  Eat: Meat ration       |       |     1 ||     1
